[Event "*** Titled Tuesday Blitz"]
[Site "Chess.com"]
[Date "2018.04.03"]
[Round "8"]
[White "Muracle"]
[Black "Kimster98"]
[Result "0-1"]
[WhiteElo "2467"]
[BlackElo "2604"]
[TimeControl "180+2"]
[EndTime "14:41:39 PDT"]
[Termination "Kimster98 won by resignation"]

1. Nf3 d5 2. g3 Nf6 3. Bg2 e6 4. O-O c5 5. c4 dxc4 6. Qa4+ Bd7 7. Qxc4 Bc6 8. Rd1 Nbd7 9. d4 b5 10. Qc2 Be4 11. Qd2 c4 12. Nc3 Bc6 13. a4 b4 14.
Na2 a5 15. Qe1 Be4 16. Bf4 Nd5 17. Bd2 Bd6 18. Rac1 O-O 19. Rxc4 N7b6 20. Rc6 Nxa4 21. b3 Nac3 22. Bxc3 Nxc3 23. Rxc3 bxc3 24. Nxc3 Bb4 25. Rc1 Rc8 26. Qd2 Bxf3 27. Bxf3 Qc7 28. d5 Bxc3 29. Qg5 Qe5 0-1

[Event "*** Titled Tuesday Blitz"]
[Site "Chess.com"]
[Date "2018.04.03"]
[Round "8"]
[White "Doraemon7"]
[Black "aa175"]
[Result "1-0"]
[WhiteElo "2428"]
[BlackElo "1936"]
[TimeControl "180+2"]
[EndTime "14:41:56 PDT"]
[Termination "Doraemon7 won by checkmate"]

1. d4 e5 2. dxe5 Nc6 3. Nf3 Qe7 4. e4 Nxe5 5. Nc3 c6 6. Nxe5 Qxe5 7. Bd3 Nf6 8. O-O Bc5 9. Kh1 Ng4 10. Qxg4 h5 11. Qg5 Qxg5 12. Bxg5 f6 13. Bd2 d6 14. f4 h4 15. h3 Bd7 16. Na4 Bd4 17. c3 Bb6 18. Nxb6 axb6 19. a3 O-O-O 20. Rae1 Rde8 21. e5 fxe5 22. fxe5 dxe5 23. Rf7 g5 24. Bxg5 Re6 25. Bf5 Rd6 26.
Rxd7 Rxd7 27. Rd1 Rh7 28. Rxd7 Rxd7 29. Bxh4 Kc7 30. Bxd7 Kxd7 31. Kg1 e4 32. Kf2 e3+ 33. Kxe3 c5 34. c4 b5 35. cxb5 b6 36. Ke4 c4 37. Bf6 c3 38. Bxc3 Ke6 39. h4 Kd6 40. h5 Ke6 41. h6 Kf7 42. h7 Kg6 43. h8=Q Kf7 44. Qf6+ Ke8 45. g4 Kd7 46. g5 Ke8 47. g6 Kd7 48. g7 Kc7 49. g8=Q Kb7 50. Qgg7+ Ka8 51. Qff8# 1-0

[Event "*** Titled Tuesday Blitz"]
[Site "Chess.com"]
[Date "2018.04.03"]
[Round "8"]
[White "dimke2802"]
[Black "bascheyaro"]
[Result "1-0"]
[WhiteElo "2338"]
[BlackElo "2581"]
[TimeControl "180+2"]
[EndTime "14:42:13 PDT"]
[Termination "dimke2802 won by resignation"]

1. d4 Nf6 2. Nf3 d5 3. c4 c6 4.
e3 Bf5 5. Nc3 e6 6. Nh4 Be4 7.
f3 Bg6 8. Qb3 Qc7 9. Bd2 Bd6 10.
g3 Nbd7 11. O-O-O dxc4 12. Bxc4 b5 13. Be2 a5 14. Nxg6 hxg6 15. Kb1 a4 16. Qc2 O-O 17.
Rc1 Qb8 18. Ne4 Nxe4 19. fxe4 Rc8 20. e5 Bf8 21. h4 b4 22. Qe4 c5 23. h5 g5 24. Bd3 Bd6 25. exd6 Qxd6 26. dxc5 Nxc5 27. Qh7+ Kf8 28. Bxb4 Rab8 29. Bxc5 Rxc5 30. Rxc5 Ke7 31. Rc2 a3 32. Qe4 Rb4 33. Rc7+ Kf8 34. Qa8+ 1-0

[Event "*** Titled Tuesday Blitz"]
[Site "Chess.com"]
[Date "2018.04.03"]
[Round "8"]
[White "SmoothAsAHedgehog"]
[Black "FMJoseHerrera"]
[Result "1-0"]
[WhiteElo "2585"]
[BlackElo "2492"]
[TimeControl "180+2"]
[EndTime "14:42:16 PDT"]
[Termination "SmoothAsAHedgehog won by checkmate"]

1. b3 b6 2. Bb2 Bb7 3. Nf3 c5 4. c4 e6 5. g3 Nf6 6. Bg2 Be7 7.
O-O d6 8. e3 Nbd7 9. Nc3 a6 10.
Qe2 Qc7 11. d3 h5 12. h3 Rc8 13. Rac1 Qb8 14. Rfd1 Bd8 15. d4 Bc7 16. e4 cxd4 17. Nxd4 h4 18. g4 Ne5 19. f4 Ng6 20. Rf1 e5 21.
Nf5 O-O 22. g5 Ne8 23. Nd5 Bxd5 24. exd5 b5 25. Be4 bxc4 26. bxc4 exf4 27. Qh5 Qxb2 28. Ne7+ Nxe7 29. Bh7+ Kh8 30. Bb1+ Kg8 31. Qh7# 1-0

[Event "*** Titled Tuesday Blitz"]
[Site "Chess.com"]
[Date "2018.04.03"]
[Round "8"]
[White "amatatanav"]
[Black "spidernv"]
[Result "1-0"]
[WhiteElo "2408"]
[BlackElo "2332"]
[TimeControl "180+2"]
[EndTime "14:42:18 PDT"]
[Termination "amatatanav won by checkmate"]

1. e4 c6 2. Nc3 d5 3. Nf3 dxe4 4. Nxe4 Nf6 5. Qe2 Bf5 6. Nxf6+ gxf6 7. d3 Nd7 8. Nh4 Bg6 9. f4 e6 10. f5 Bxf5 11.
Nxf5 Qa5+ 12. Bd2 Qxf5 13. O-O-O O-O-O 14. g3 h5 15. Bg2 Bh6 16. Rhf1 Bxd2+ 17. Qxd2 Qg6 18.
Qa5 Kb8 19. Rf4 Nb6 20. Rdf1 f5 21. Qe5+ Kc8 22. a4 h4 23. a5 Nd7 24. Qd6 hxg3 25. Bxc6 e5 26. Bxb7+ Kxb7 27. a6+ Ka8 28. Qd5+ Kb8 29.
Qb7# 1-0

[Event "*** Titled Tuesday Blitz"]
[Site "Chess.com"]
[Date "2018.04.03"]
[Round "8"]
[White "FearNoEvil12"]
[Black "indfraeng"]
[Result "0-1"]
[WhiteElo "1980"]
[BlackElo "1834"]
[TimeControl "180+2"]
[EndTime "14:42:20 PDT"]
[Termination "indfraeng won by checkmate"]

1. e4 c6 2. d4 d5 3. Nc3 dxe4 4. Nxe4 Nd7 5. Ng3 Ngf6 6. Bc4 e6 7. N1e2 Be7 8. O-O O-O 9. f4 c5 10. c3 cxd4 11.
cxd4 Nb6 12. Bd3 Nbd5 13. f5 Ng4 14. Nf4 Nxf4 15. Rxf4 exf5 16. Bxf5 Bxf5 17. Nxf5 Nf6 18. Qf3 Bd6 19. Nxg7 Bxf4 20. Qxf4 Kxg7 21. Qh6+ Kg8 22. Be3 Ng4 23. Qf4 Nxe3 24. Qxe3 Qb6 25. Rf1 Rfe8 26.
Qf2 Qg6 27. Qh4 Re4 28. Qh3 Rae8 29. Qc3 Re2 30. Qf3 Re1 31. h3 Rxf1+ 32. Kxf1 Qb1+ 33. Kf2 Qe1# 0-1

[Event "*** Titled Tuesday Blitz"]
[Site "Chess.com"]
[Date "2018.04.03"]
[Round "8"]
[White "BogdanDeac"]
[Black "Divertissement"]
[Result "1-0"]
[WhiteElo "2688"]
[BlackElo "2456"]
[TimeControl "180+2"]
[EndTime "14:42:29 PDT"]
[Termination "BogdanDeac won by resignation"]

1. d4 Nf6 2. c4 g6 3. g3 Bg7 4.
Bg2 O-O 5. Nf3 d6 6. Nc3 Nbd7 7. O-O e5 8. e4 exd4 9. Nxd4 a6 10. Qc2 Rb8 11. Rd1 c5 12. Nde2 b5 13. Rxd6 bxc4 14. Bf4 Nh5 15. Be3 Qc7 16. Rad1 Ne5 17. R6d5 Nd3 18.
b3 Nb4 19. Qd2 Nxd5 20. Nxd5 c3 21. Nexc3 Qa5 22. Na4 Qxd2 23. Bxd2 Bd4 24. Ne7+ Kg7 25. Nc6 Bg4 26. Rc1 Rbc8 27. e5 Bd7 28. Nxd4 cxd4 29.
Nc5 Bc6 30. g4 Bxg2 31. Kxg2 Rfd8 32. gxh5 Rd5 33. Ne6+ 1-0

[Event "*** Titled Tuesday Blitz"]
[Site "Chess.com"]
[Date "2018.04.03"]
[Round "8"]
[White "gkchesstiger"]
[Black "DrHolmes13"]
[Result "1-0"]
[WhiteElo "2784"]
[BlackElo "2489"]
[TimeControl "180+2"]
[EndTime "14:42:47 PDT"]
[Termination "gkchesstiger won by resignation"]

1. d4 Nf6 2. Nf3 e6 3. Bf4 c5 4. e3 b6 5. Na3 Bb7 6. Nc4 d5 7.
Nce5 Be7 8. Bb5+ Nfd7 9. Nxd7 a6 10. Nxb6+ axb5 11. Nxa8 Bxa8 12. Qe2 c4 13. Bxb8 Qxb8 14. Ne5 Qc7 15. Qg4 Kf8 16. O-O h5 17. Qh3 Bd6 18.
f4 g6 19. a4 bxa4 20. Rxa4 Kg7 21. Rfa1 Bb7 22. Ra7 Rb8 23. Qg3 Kf8 24. Qe1 Bxe5 25. fxe5 Kg7 26. Qa5 Qc6 27. Qb4 h4 28. h3 g5 29. Qe7 Kh6 30. Rf1 1-0

[Event "*** Titled Tuesday Blitz"]
[Site "Chess.com"]
[Date "2018.04.03"]
[Round "8"]
[White "nicegg"]
[Black "andante"]
[Result "0-1"]
[WhiteElo "1894"]
[BlackElo "2195"]
[TimeControl "180+2"]
[EndTime "14:42:52 PDT"]
[Termination "andante won on time"]

1. e4 c5 2. Qh5 e6 3. f4 Nc6 4. c3 g6 5. Qf3 Bg7 6. d3 Nf6 7. g4 d5 8. Ne2 e5 9. f5 dxe4 10.
dxe4 h5 11. g5 Nxe4 12. fxg6 fxg6 13. Qxe4 Bf5 14. Qc4 Qd6 15. Be3 O-O-O 16. Nd2 b6 17. O-O-O Na5 18. Qa6+ Kb8 19. Bg2 Bd3 0-1

[Event "*** Titled Tuesday Blitz"]
[Site "Chess.com"]
[Date "2018.04.03"]
[Round "8"]
[White "Supernotar"]
[Black "Generalas"]
[Result "1-0"]
[WhiteElo "2256"]
[BlackElo "2175"]
[TimeControl "180+2"]
[EndTime "14:42:54 PDT"]
[Termination "Supernotar won by checkmate"]

1. d4 Nf6 2. c4 e6 3. Nf3 c5 4. d5 b5 5. Bg5 bxc4 6. Nc3 h6 7. Bxf6 Qxf6 8. e4 Ba6 9. Qa4 Bd6 10. Bxc4 Bxc4 11.
Qxc4 O-O 12. O-O e5 13. Nb5 a6 14. Nxd6 Qxd6 15. Rfc1 Qg6 16. Qxc5 d6 17. Qc7 a5 18.
Qb7 Na6 19. Nd2 Nc5 20. Qe7 Rae8 21. Qh4 f5 22. exf5 Qxf5 23. Rf1 e4 24. Rad1 Re5 25. Nc4 Rxd5 26. Nxd6 Qe6 27. Nb5 Rg5 28. Nc3 e3 29.
fxe3 Qxe3+ 30. Kh1 Nd3 31. Qc4+ Kh7 32. Rxf8 Nf2+ 33.
Rxf2 Qxf2 34. Qe4+ Kg8 35. Rd8+ Kf7 36. Qe8+ Kf6 37.
Rd6+ Kf5 38. Qe4# 1-0

[Event "*** Titled Tuesday Blitz"]
[Site "Chess.com"]
[Date "2018.04.03"]
[Round "8"]
[White "Caisachess"]
[Black "Cecile-Haussernot"]
[Result "1-0"]
[WhiteElo "2193"]
[BlackElo "2288"]
[TimeControl "180+2"]
[EndTime "14:42:54 PDT"]
[Termination "Caisachess won by resignation"]

1. e4 c5 2. c3 d6 3. d4 cxd4 4. cxd4 Nf6 5. Nc3 Nc6 6. h3 a6 7. Nf3 e6 8. Bd3 Be7 9. a3 O-O 10. O-O b5 11. Qe2 Qb6 12. e5 Nd7 13. Qe4 f5 14.
exf6 Nxf6 15. Qh4 b4 16. Ne4 Nxd4 17. Nxf6+ Bxf6 18. Qxh7+ Kf7 19. Ng5+ Ke7 20. Ne4 Be5 21. Bg5+ Kd7 22. Nf6+ Bxf6 23. Bxf6 Bb7 24. Qxg7+ Kc6 25.
Bxd4 Qa5 26. Rac1+ 1-0

[Event "*** Titled Tuesday Blitz"]
[Site "Chess.com"]
[Date "2018.04.03"]
[Round "8"]
[White "Kislov_Oleg"]
[Black "Bad4life"]
[Result "1-0"]
[WhiteElo "2266"]
[BlackElo "2375"]
[TimeControl "180+2"]
[EndTime "14:42:55 PDT"]
[Termination "Kislov_Oleg won by resignation"]

1. d4 Nf6 2. Nc3 g6 3. e4 d6 4.
f3 Bg7 5. Be3 O-O 6. Qd2 Nbd7 7.
O-O-O a6 8. Bh6 b5 9. h4 c5 10. dxc5 Nxc5 11. Bxg7 Kxg7 12. e5 Nh5 13. exd6 e5 14.
Qd5 b4 15. Qxc5 bxc3 16. Qxe5+ Kg8 17. Qxc3 Ng3 18. Rh2 Nxf1 19. Rxf1 Bf5 20. g4 Qxd6 21. Rd2 Qf4 22. gxf5 Rac8 23. Qd4 Qxf5 24. Qe4 Qb5 25. Rfd1 Rb8 26. c3 Rfe8 27. Qc2 Rb7 28. Ne2 Qh5 29.
Qa4 Rbb8 30. Qg4 Qh6 31. Nf4 Rec8 32. Qg5 Qg7 33. Rd8+ Rxd8 34. Rxd8+ Rxd8 35. Qxd8+ Qf8 36. Qxf8+ Kxf8 37. b4 f6 38. a4 g5 39. hxg5 fxg5 40. Ne6+ 1-0

[Event "*** Titled Tuesday Blitz"]
[Site "Chess.com"]
[Date "2018.04.03"]
[Round "8"]
[White "Al_Shima"]
[Black "JozefKneht"]
[Result "1-0"]
[WhiteElo "2301"]
[BlackElo "2414"]
[TimeControl "180+2"]
[EndTime "14:42:58 PDT"]
[Termination "Al_Shima won by resignation"]

1. b3 d5 2. Bb2 Nf6 3. e3 c6 4.
Nf3 Bg4 5. Be2 Nbd7 6. d4 e6 7. Nbd2 Be7 8. h3 Bh5 9. c4 Bg6 10. Nh4 Bb4 11. Nxg6 hxg6 12. a3 Bxd2+ 13. Qxd2 Ne4 14.
Qc2 Qh4 15. Bd3 Ndf6 16. g3 Qh5 17. Qe2 Qxe2+ 18. Kxe2 g5 19. Rh2 Kd7 20. Rah1 Rh6 21. Kf3 Nd2+ 22. Kg2 Nxb3 23. Bc3 Ne4 24. Rb1 Nxc3 25.
Rxb3 Ne4 26. Bxe4 Kc8 27. Bd3 dxc4 28. Bxc4 Kd7 29. Rxb7+ 1-0

[Event "*** Titled Tuesday Blitz"]
[Site "Chess.com"]
[Date "2018.04.03"]
[Round "8"]
[White "Zhuu96"]
[Black "KRASAVCHIK2002"]
[Result "1-0"]
[WhiteElo "2726"]
[BlackElo "1982"]
[TimeControl "180+2"]
[EndTime "14:43:05 PDT"]
[Termination "Zhuu96 won by checkmate"]

1. e4 c5 2. Nf3 d6 3. d4 cxd4 4. Nxd4 Nf6 5. Nc3 a6 6. Bg5 e6 7. f4 Qb6 8. a3 Be7 9. Be2 Nc6 10. Nb3 h6 11. Bxf6 Bxf6 12. Qxd6 Bxc3+ 13. bxc3 Qe3 14. Rd1 Qxc3+ 15. Kf2 Qf6 16. c4 g5 17. g3 gxf4 18.
gxf4 Qh4+ 19. Ke3 Rg8 20. Rhg1 Rxg1 21. Rxg1 Ne7 22. Qe5 Qxh2 23. Qh8+ Kd7 24. Rd1+ Kc6 25. Rg1 Qxg1+ 26. Kd3 Qg3+ 27. Kc2 Qxf4 28. Qd8 Qxe4+ 29. Bd3 Qg2+ 30. Kc3 Qg7+ 31. Nd4+ Kc5 32. Qxe7+ Kb6 33. c5+ Ka7 34. Qc7 e5 35. Nc6# 1-0

[Event "*** Titled Tuesday Blitz"]
[Site "Chess.com"]
[Date "2018.04.03"]
[Round "8"]
[White "TastyFrenchFries"]
[Black "Albertu"]
[Result "1-0"]
[WhiteElo "2323"]
[BlackElo "2235"]
[TimeControl "180+2"]
[EndTime "14:43:07 PDT"]
[Termination "TastyFrenchFries won by resignation"]

1. e4 c5 2. Nf3 d6 3. Bb5+ Nd7 4. O-O Nf6 5. Re1 e5 6. c3 a6 7. Bd3 Be7 8. Bc2 O-O 9. d3 b5 10. Nbd2 Bb7 11. a4 Qb6 12. b3 Rfc8 13. Nf1 c4 14. bxc4 bxc4 15. d4 Qa5 16. Ne3 Nxe4 17. Nf5 Bf8 18.
Bxe4 Bxe4 19. Rxe4 Qxc3 20. Ra3 Qb4 21. dxe5 Qb1 22. Nd2 Qb7 23. Nh6+ gxh6 24. Qg4+ Kh8 25. Rg3 1-0

[Event "*** Titled Tuesday Blitz"]
[Site "Chess.com"]
[Date "2018.04.03"]
[Round "8"]
[White "Konavets"]
[Black "PulpanJ"]
[Result "1-0"]
[WhiteElo "2779"]
[BlackElo "2445"]
[TimeControl "180+2"]
[EndTime "14:43:10 PDT"]
[Termination "Konavets won by checkmate"]

1. d4 Nf6 2. Bf4 c5 3. e3 Qb6 4. Nc3 Qxb2 5. Nb5 Nd5 6. dxc5 a6 7. Rb1 Qxa2 8. Ra1 Qb2 9. Rb1 Qa2 10. Ra1 Qb2 11.
Nf3 Qb4+ 12. c3 Nxc3 13. Nc7+ Kd8 14. Qd2 Ra7 15. Ng5 Qb3 16. Bd3 h6 17. Ra3 Qxa3 18. Nxf7# 1-0

[Event "*** Titled Tuesday Blitz"]
[Site "Chess.com"]
[Date "2018.04.03"]
[Round "8"]
[White "RichardABates"]
[Black "toad"]
[Result "1-0"]
[WhiteElo "2224"]
[BlackElo "2233"]
[TimeControl "180+2"]
[EndTime "14:43:15 PDT"]
[Termination "RichardABates won on time"]

1. d4 Nf6 2. Nf3 g6 3. g3 Bg7 4.
Bg2 O-O 5. O-O d5 6. c4 c5 7.
cxd5 cxd4 8. Nxd4 Nxd5 9. Nc3 Nxc3 10. bxc3 Nc6 11. Nxc6 bxc6 12. Qxd8 Rxd8 13. Bxc6 Rb8 14. Bf4 Rb2 15. Rfd1 Rxd1+ 16. Rxd1 Bh3 17. Rd8+ Bf8 18. f3 Kg7 19. Kf2 f6 20. Bd5 e5 21.
Be3 Rb1 22. g4 f5 23. Rd7+ Kh8 24. Bg5 Bc5+ 25. Kg3 1-0

[Event "*** Titled Tuesday Blitz"]
[Site "Chess.com"]
[Date "2018.04.03"]
[Round "8"]
[White "Fins0905"]
[Black "djano"]
[Result "0-1"]
[WhiteElo "2581"]
[BlackElo "2463"]
[TimeControl "180+2"]
[EndTime "14:43:22 PDT"]
[Termination "djano won by resignation"]

1. d4 Nf6 2. Nf3 g6 3. Bg5 Bg7 4. Nbd2 c5 5. e3 b6 6. c3 Bb7 7. Bd3 O-O 8. h3 d6 9. O-O Nbd7 10.
Qe2 Rb8 11. e4 cxd4 12. cxd4 e5 13. dxe5 dxe5 14. Nc4 Nc5 15. Rfd1 Qc7 16. Bxf6 Bxf6 17. Bc2 Ne6 18. Ne3 Nf4 19. Qf1 Rfd8 20. Rac1 Rxd1 21. Rxd1 Rd8 22. Rxd8+ Qxd8 23. g3 Ne6 24. Qc4 Nd4 25.
Bd1 Bxe4 26. Nd2 Bb7 27. h4 Qd7 28. Nc2 Qh3 29. f3 Qxg3+ 30. Kf1 Bxh4 0-1

[Event "*** Titled Tuesday Blitz"]
[Site "Chess.com"]
[Date "2018.04.03"]
[Round "8"]
[White "GMSrinath"]
[Black "1977Ivan"]
[Result "0-1"]
[WhiteElo "2699"]
[BlackElo "2485"]
[TimeControl "180+2"]
[EndTime "14:43:33 PDT"]
[Termination "1977Ivan won by resignation"]

1. c4 e5 2. g3 Nc6 3. Bg2 Bc5 4. Nc3 d6 5. e3 a6 6. Nge2 Ba7 7.
a3 h5 8. h3 h4 9. g4 f5 10. f3 Nf6 11. b4 O-O 12. Bb2 Qe8 13.
Qc2 f4 14. exf4 Nd4 15. Nxd4 exd4+ 16. Ne2 c5 17. Qd3 b5 18. bxc5 dxc5 19. f5 Bb7 20. O-O bxc4 21. Qxc4+ Bd5 22. Qc2 d3 23. Qc3 dxe2 24. Rfe1 Rb8 25. g5 Rb3 26. Qc2 c4+ 27. Kh1 Nh5 28. d4 Ng3+ 29. Kh2 Bxf3 30. Qxc4+ Kh7 31.
Qxb3 Bxg2 32. Kxg2 Rxf5 33. Qd3 Qg6 34. Qd2 Qc6+ 0-1

[Event "*** Titled Tuesday Blitz"]
[Site "Chess.com"]
[Date "2018.04.03"]
[Round "8"]
[White "Alopekos"]
[Black "TrimitziosP7"]
[Result "0-1"]
[WhiteElo "2336"]
[BlackElo "2603"]
[TimeControl "180+2"]
[EndTime "14:43:37 PDT"]
[Termination "TrimitziosP7 won by resignation"]

1. e4 e5 2. Nf3 Nc6 3. Bb5 Nf6 4. d3 Bc5 5. c3 Qe7 6. O-O a6 7. Ba4 b5 8. Bb3 d6 9. a4 Rb8 10. axb5 axb5 11. d4 exd4 12. cxd4 Bb6 13. Nc3 O-O 14.
Bg5 Bg4 15. Nd5 Qd8 16. Bxf6 gxf6 17. h3 Bh5 18. g4 Bg6 19. Re1 Kg7 20. Qd3 Ne7 21.
Nxb6 Rxb6 22. Ra7 c5 23. dxc5 Rc6 24. cxd6 Rxd6 25. Qe3 Nc6 26. Ra6 Rd3 27. Qb6 Rxf3 28. Bd5 Ne5 29. Kg2 Rd3 30. Qc5 Rd2 31. Qc3 Rxd5 32.
exd5 Qxd5+ 33. Kg3 Rd8 34. f4 Qd3+ 35. Re3 Qxc3 36. Rxc3 Nd3 37. f5 Nxb2 38. fxg6 hxg6 39. Rb6 Na4 40. Rcc6 Nxb6 41. Rxb6 Rd5 42. Kf4 g5+ 43.
Ke4 Re5+ 44. Kd4 Kg6 45. Rc6 Re2 46. Rb6 Rh2 47. Rxb5 Rxh3 48. Ke4 Rh4 49. Kf3 Rh1 50. Rb6 Rf1+ 51. Kg3 Rf4 52. Ra6 Kg7 53. Ra5 f5 54. Rxf5 Rxf5 55. gxf5 f6 56. Kg4 Kf7 57. Kh5 Ke7 58.
Kg4 Kd6 59. Kh5 Ke5 60. Kg6 g4 0-1

[Event "*** Titled Tuesday Blitz"]
[Site "Chess.com"]
[Date "2018.04.03"]
[Round "8"]
[White "jncool68"]
[Black "Aariow"]
[Result "0-1"]
[WhiteElo "2520"]
[BlackElo "2356"]
[TimeControl "180+2"]
[EndTime "14:43:55 PDT"]
[Termination "Aariow won by resignation"]

1. e4 e5 2. Nf3 Nf6 3. Nc3 Nc6 4. Bb5 Nd4 5. O-O Nxb5 6. Nxb5 c6 7. Nc3 Qc7 8. d4 d6 9. h3 Be7 10. a4 O-O 11. Bg5 Re8 12. Re1 Be6 13. Qd3 Rad8 14. Rad1 Nh5 15. Bc1 Nf4 16. Bxf4 exf4 17. b3 Bf6 18.
Ne2 g5 19. d5 Bc8 20. c4 c5 21. Nh2 Qe7 22. Qf3 Be5 23. Kh1 Qf6 24. Ng1 Qg6 25. g4 Kg7 26. h4 gxh4 27. Nh3 Kh8 28. Rg1 Rg8 29. g5 Bxh3 30. Qxh3 Qxe4+ 31. f3 Qc2 32. Qxh4 Qxb3 33. Rg4 Qxd1+ 34. Rg1 Qd3 35. g6 fxg6 36. Rg2 Rdf8 37. Ng4 Rf5 0-1

[Event "*** Titled Tuesday Blitz"]
[Site "Chess.com"]
[Date "2018.04.03"]
[Round "8"]
[White "matiss90"]
[Black "Margency"]
[Result "0-1"]
[WhiteElo "2361"]
[BlackElo "2574"]
[TimeControl "180+2"]
[EndTime "14:43:55 PDT"]
[Termination "Margency won on time"]

1. e4 c5 2. Nf3 d6 3. d4 cxd4 4. Nxd4 Nf6 5. Nc3 a6 6. Bc4 e6 7.
Bb3 Nbd7 8. Bg5 Nc5 9. f4 Be7 10. Qf3 Qa5 11. O-O-O O-O 12. Kb1 Qc7 13. g4 b5 14. Rhe1 b4 15. e5 Bb7 16. Qh3 dxe5 17. fxe5 Nfe4 18. Nxe4 Bxe4 19. Bxe7 Qxe7 20. Bc4 Rfd8 21.
Qe3 a5 22. h4 a4 23. h5 b3 24. h6 Bg6 25. g5 bxc2+ 26. Nxc2 Rac8 27. Rxd8+ Qxd8 28. Rc1 Nd3 29. Bxd3 Qxd3 30. Qxd3 Bxd3 31. hxg7 Kxg7 32. a3 Kg6 0-1

[Event "*** Titled Tuesday Blitz"]
[Site "Chess.com"]
[Date "2018.04.03"]
[Round "8"]
[White "Yaacovn"]
[Black "olomi007"]
[Result "1-0"]
[WhiteElo "2642"]
[BlackElo "2549"]
[TimeControl "180+2"]
[EndTime "14:43:56 PDT"]
[Termination "Yaacovn won by resignation"]

1. d4 Nf6 2. Nf3 e6 3. e3 d5 4.
Bd3 Bd6 5. Nbd2 b6 6. e4 dxe4 7. Nxe4 Nxe4 8. Bxe4 c6 9. Qe2 Qc7 10. Bg5 Bb7 11. O-O-O Nd7 12. Kb1 h6 13. Bh4 g5 14.
Bg3 O-O-O 15. Rhe1 Rhe8 16. Bxd6 Qxd6 17. Qe3 f5 18.
Bd3 c5 19. Bb5 Qf4 20. dxc5 Qxe3 21. fxe3 Bxf3 22. gxf3 bxc5 23. Rd3 Rf8 24. Rc3 Kb8 25. a4 Ne5 26. f4 Nd7 27. Bxd7 Rxd7 28. Rxc5 Rc8 29.
Rxc8+ Kxc8 30. Kc1 g4 31. h3 g3 32. Rg1 Rg7 33. Kd2 h5 34. h4 Rg4 35. Ke2 Rxh4 36. Rxg3 Rg4 37. Rh3 h4 38. Kf3 Kc7 39. Rh2 Kc6 40.
Rg2 h3 41. Rh2 Rh4 42. Kg3 Rg4+ 43. Kf3 Rh4 44. Kg3 Rg4+ 45. Kxh3 Kd5 46. Rg2 Ke4 47. Rxg4 fxg4+ 48. Kxg4 Kxe3 1-0

[Event "*** Titled Tuesday Blitz"]
[Site "Chess.com"]
[Date "2018.04.03"]
[Round "8"]
[White "ilmago"]
[Black "chesstatour"]
[Result "1-0"]
[WhiteElo "1943"]
[BlackElo "1975"]
[TimeControl "180+2"]
[EndTime "14:43:59 PDT"]
[Termination "ilmago won on time"]

1. e4 c6 2. d4 d5 3. exd5 cxd5 4.
c3 Nc6 5. Nf3 g6 6. Bf4 Bg7 7.
Nbd2 Nh6 8. Bd3 O-O 9. O-O f6 10. Re1 Nf7 11. Qb3 e5 12. dxe5 fxe5 13. Bg3 e4 14. Bxe4 dxe4 15. Nxe4 Kh8 16. Rad1 Qb6 17.
Qc2 Bf5 18. Nh4 Bxe4 19. Rxe4 Rae8 20. Rde1 Rxe4 21. Rxe4 Nfe5 22. b4 g5 23. Nf3 Nxf3+ 24. gxf3 Qd8 25. b5 Na5 26. Qe2 Qf6 27. f4 Qxc3 28.
fxg5 Qc1+ 29. Kg2 Qxg5 30. Re7 Qd5+ 31. Kg1 Qf5 32. Qd2 b6 33. Rxa7 Nc4 34. Qe2 1-0

[Event "*** Titled Tuesday Blitz"]
[Site "Chess.com"]
[Date "2018.04.03"]
[Round "8"]
[White "dianosky"]
[Black "simplerXiao"]
[Result "1-0"]
[WhiteElo "2307"]
[BlackElo "2396"]
[TimeControl "180+2"]
[EndTime "14:43:59 PDT"]
[Termination "dianosky won by resignation"]

1. d4 Nf6 2. c4 e5 3. dxe5 Ng4 4. Nf3 Nc6 5. Bf4 Bb4+ 6. Nbd2 Qe7 7. a3 Bxd2+ 8.
Qxd2 Ngxe5 9. Nxe5 Nxe5 10. Qc3 d6 11. c5 O-O 12. Rc1 Ng6 13. Bg3 d5 14. e3 f5 15. f4 Re8 16. Kf2 Be6 17. h4 d4 18.
exd4 Qf6 19. h5 Ne7 20. Bh4 Qf7 21. Bxe7 Rxe7 22. Re1 Kh8 23. h6 Bd5 24. hxg7+ Qxg7 25. Re5 Rxe5 26. dxe5 Qg4 27. e6+ Kg8 28. Qe5 Rd8 29.
e7 Re8 30. Qxd5+ Kg7 31. Qe5+ Kg6 32. Be2 Rxe7 33. Bxg4 Rxe5 34. Bh5+ Kf6 35. fxe5+ 1-0

[Event "*** Titled Tuesday Blitz"]
[Site "Chess.com"]
[Date "2018.04.03"]
[Round "8"]
[White "GMMatamoros"]
[Black "SergeiAza"]
[Result "0-1"]
[WhiteElo "2458"]
[BlackElo "2669"]
[TimeControl "180+2"]
[EndTime "14:44:07 PDT"]
[Termination "SergeiAza won by resignation"]

1. Nf3 Nf6 2. c4 e6 3. g3 d5 4.
Bg2 d4 5. O-O c5 6. b4 cxb4 7. a3 Nc6 8. axb4 Bxb4 9. Qa4 O-O 10.
Ba3 a5 11. Bxb4 Nxb4 12. d3 Bd7 13. Qb3 Bc6 14. Qb2 Bxf3 15. Bxf3 Rb8 16. Na3 b6 17. Rfb1 e5 18. Nc2 Nxc2 19. Qxc2 Nd7 20. Rb5 Nc5 21. Qb2 Qc7 22. Bd5 g6 23. Kg2 Kg7 24. h4 h5 25. Qd2 Qd6 26. e3 a4 27. exd4 exd4 28.
Rab1 Rfe8 29. Qb2 Qf6 30. Rxb6 Rxb6 31. Qxb6 Qxb6 32. Rxb6 a3 33. Rb5 a2 34. Ra5 Re2 35. Ra7 Nb3 0-1

[Event "*** Titled Tuesday Blitz"]
[Site "Chess.com"]
[Date "2018.04.03"]
[Round "8"]
[White "TigranLPetrosyan"]
[Black "Abrito99"]
[Result "0-1"]
[WhiteElo "2637"]
[BlackElo "2461"]
[TimeControl "180+2"]
[EndTime "14:44:09 PDT"]
[Termination "Abrito99 won by resignation"]

1. d4 Nf6 2. Nf3 g6 3. Bf4 Bg7 4. e3 O-O 5. h3 b6 6. Bh2 Bb7 7.
c3 d6 8. Nbd2 Nbd7 9. Be2 Ne4 10.
O-O e5 11. a4 a5 12. Nxe4 Bxe4 13. Nd2 Bb7 14. Bf3 Qc8 15. Re1 Re8 16. Qb3 e4 17. Be2 Nf6 18. Qa2 h5 19. b4 Nd5 20. Qb3 Qd7 21. Bc4 Qf5 22. Bxd5 Bxd5 23. c4 Be6 24. b5 g5 25. Rac1 Bf6 26. Qc2 Bd7 27. c5 bxc5 28. dxc5 g4 29. hxg4 Qxg4 30. cxd6 cxd6 31. Bxd6 h4 32.
Qd1 Qg6 33. Rc5 Bg4 34. Qb3 Rad8 35. Rc6 Re6 36. b6 Bf3 37. Nxf3 exf3 38. g3 hxg3 39.
Bxg3 Rxc6 40. b7 Be5 41. Rd1 Rxd1+ 42. Qxd1 Bxg3 43. Qxf3 Rc1+ 0-1

[Event "*** Titled Tuesday Blitz"]
[Site "Chess.com"]
[Date "2018.04.03"]
[Round "8"]
[White "DrZeiss"]
[Black "codapbg94"]
[Result "0-1"]
[WhiteElo "2199"]
[BlackElo "2074"]
[TimeControl "180+2"]
[EndTime "14:44:11 PDT"]
[Termination "codapbg94 won on time"]

1. e4 c5 2. Nf3 d6 3. d4 cxd4 4.
Nxd4 Nf6 5. Nc3 a6 6. f4 e5 7. Nf3 Nbd7 8. a4 b6 9. Bd3 Bb7 10. O-O Be7 11. Qe1 O-O 12. Kh1 Rc8 13. Bd2 Qc7 14. Nh4 g6 15. f5 Nc5 16. Bh6 Rfe8 17.
Bg5 Rf8 18. Bh6 Rfe8 19. fxg6 fxg6 20. Bc4+ d5 21. exd5 Qd6 22. b3 Ng4 23. Bd2 Nf6 24. Rd1 e4 25. Bf4 Qd8 26. d6+ Kg7 27. dxe7 Qxe7 28.
Bg5 Rf8 29. Qe3 Ng4 30. Qc1 Qe5 31. g3 e3+ 32. Kg1 Qxg5 0-1

[Event "*** Titled Tuesday Blitz"]
[Site "Chess.com"]
[Date "2018.04.03"]
[Round "8"]
[White "Manukyan_Artak"]
[Black "Mikhail_Golubev"]
[Result "0-1"]
[WhiteElo "2371"]
[BlackElo "2295"]
[TimeControl "180+2"]
[EndTime "14:44:16 PDT"]
[Termination "Mikhail_Golubev won by resignation"]

1. e4 c5 2. Nf3 d6 3. Bb5+ Bd7 4.
Bxd7+ Nxd7 5. c4 Ngf6 6. Nc3 e6 7. O-O Be7 8. d3 O-O 9. h3 a6 10.
a4 Ne5 11. Bf4 Nc6 12. Bh2 Qb6 13. Qd2 Nd7 14. Nd1 Na5 15. Rb1 Bf6 16. Ne3 Nb3 17.
Qc2 Ne5 18. Bxe5 Bxe5 19. Ng4 Nd4 20. Nxd4 Bxd4 21. Ne3 g6 22. b3 f5 23. Qe2 f4 24.
Nc2 f3 25. gxf3 Be5 26. Kh1 Qd8 27. f4 Rxf4 28. f3 Qh4 29. Qg2 Qh6 30. Ne3 Rh4 31. Ng4 Rxh3+ 32. Kg1 Bd4+ 33. Rf2 Qh4 34. Kf1 Rh1+ 35. Ke2 Rxb1 0-1